 Dungeon Crawl Stone Soup version 0.30-a0-1160-g6e42c06551 (webtiles) character file.

Game seed: 14073548441583752964

421 NinjaNoafa the Sneak (level 6, -1/30 HPs)
             Began as a Spriggan Hunter on Apr 25, 2023.
             Slain by a gnoll
             ... wielding a +0 spear
              (6 damage)
             ... on level 4 of the Dungeon.
             The game lasted 00:03:50 (3121 turns).

NinjaNoafa the Sneak (Spriggan Hunter)              Turns: 3121, Time: 00:03:51

Health: -1/30      AC:  2    Str:  7    XL:     6   Next: 62%
Magic:  7/7        EV:  9    Int: 10    God:
Gold:   260        SH:  0    Dex: 21    Spells: 5/5 levels left

rFire   . . .        a - +0 shortbow
rCold   . . .        (shield currently unavailable)
rNeg    . . .        c - +0 robe
rPois   .            (helmet restricted)
rElec   .            (no cloak)
rCorr   .            (gloves unavailable)
SInv    +            (boots unavailable)
Will    +....        (no amulet)
Stlth   ++++         (no ring)
HPRegen 0.25/turn    (no ring)
MPRegen 0.10/turn

%: no passive effects
@: held, very quick
A: very small, no large weapons, unfitting armour, see invisible, speed 3
a: no special abilities


You were on level 4 of the Dungeon.
You visited 1 branch of the dungeon, and saw 4 of its levels.

You collected 260 gold pieces.

Inventory:

Hand Weapons
 a - a +0 shortbow (weapon)
 b - the +6 hand axe of Quantum Leap {venom, Fly}
   (You found it on level 2 of the Dungeon)

   Fly:       It grants you flight.
Armour
 c - a +0 robe (worn)
 d - a +0 buckler
Wands
 l - a wand of charming (7)
Scrolls
 f - a scroll of blinking {unknown}
 g - a scroll of vulnerability {unknown}
 h - 2 scrolls of poison {unknown}
 i - 2 scrolls of teleportation {unknown}
 k - a scroll of noise {unknown}
 m - 3 scrolls of identify {unknown}
 n - a scroll of amnesia {unknown}
 p - 2 scrolls of immolation
 q - a scroll of enchant armour {unknown}
 s - 2 scrolls of magic mapping {unknown}
Potions
 e - 3 potions of haste
 j - a potion of might {unknown}
 o - 2 potions of degeneration {unknown}


   Skills:
 - Level 1.5 Fighting
 + Level 6.3 Ranged Weapons
 - Level 2.6 Dodging
 + Level 7.7 Stealth


You had 5 spell levels left.
You didn't know any spells.
Your spell library contained the following spells:

 Spells                   Type           Power      Damage    Failure   Level
 Magic Dart               Conj           0%         1d3       36%         1
 Summon Small Mammal      Summ           0%         N/A       36%         1
 Lesser Beckoning         Tloc           0%         N/A       50%         2
 Searing Ray              Conj           0%         2d4       50%         2
 Call Canine Familiar     Summ           0%         N/A       75%         3
 Gell's Gravitas          Tloc           0%         N/A       75%         3
 Summon Guardian Golem    Hex/Summ       0%         N/A       75%         3
 Teleport Other           Tloc           0%         N/A       75%         3
 Fulminant Prism          Conj/Hex       0%         3d5       98%         4


Dungeon Overview and Level Annotations

Branches:
Dungeon (4/15)
 Temple: D:4-7

Altars:
Cheibriados
Elyvilon
Gozag
Hepliaklqana
Xom

Annotations:
D:3 2 runed translucent doors, mandoloar's ghost, amateur OpTm


Innate Abilities, Weirdness & Mutations

You are very small and have problems with some larger weapons.
You are too small for most types of armour.
You have supernaturally acute eyesight. (SInv)
You cover ground extremely quickly. (Speed+++)


Message History

Press: ? - help, Q - select action, (/) - cycle Shift-Dir - straight line, f - gnoll
Aim: a gnoll, wielding a +0 spear (severely wounded, 69% to hit)
You shoot an arrow. The arrow hits the gnoll!
You kill the gnoll!
Unknown command.
Fire: a) +0 shortbow
Press: ? - help, Q - select action, (/) - cycle Shift-Dir - straight line, f/p - gnoll
Aim: a gnoll, wielding a +0 spear (severely wounded, 69% to hit)
You shoot an arrow. The arrow hits the gnoll.
The gnoll is almost dead.
Fire: a) +0 shortbow
Press: ? - help, Q - select action, (/) - cycle Shift-Dir - straight line, f/p - gnoll
Aim: a gnoll, wielding a +0 spear (almost dead, 69% to hit)
You shoot an arrow. The arrow barely misses the gnoll.
The gnoll hits you from afar with a +0 spear.
* * * LOW HITPOINT WARNING * * *
Unknown command.
Unknown command.
Fire: a) +0 shortbow
Press: ? - help, Q - select action, (/) - cycle Shift-Dir - straight line, f/p - gnoll
Aim: a gnoll, wielding a +0 spear (almost dead, 69% to hit)
You shoot an arrow. The arrow hits the gnoll!
The gnoll is almost dead.
Unknown command.
Unknown command.
Fire: a) +0 shortbow
Press: ? - help, Q - select action, (/) - cycle Shift-Dir - straight line, f/p - gnoll
Aim: a gnoll, wielding a +0 spear (almost dead, 69% to hit)
You shoot an arrow. The arrow hits the gnoll.
You kill the gnoll!
The gnoll throws a throwing net.
The throwing net hits you.
You become entangled in the net!
Unknown command.
You tear a large gash into the net.
The gnoll hits you from afar with a +0 spear!
* * * LOW HITPOINT WARNING * * *
Unknown command.
You struggle against the net.
The gnoll hits you from afar with a +0 spear.
You die...

####### ......# ##### ....#.#####
#...# ###.#.#...# #...#
.>.....#..# #######...#
#.........# #####<....'...#
###.#...#.###.g.@..####...#
...#........g.....'..##'#####
#####.#.#..###'###.##.##.#...####
g..g).#'#..# #.# #.'..)..'...)...
######).g<.###.###.##.##.#...####
#.....'.._###.##.##+#####
#.....###.###.........# #.....#
#.# #.#.......#
#.....###'###.........#


You could see 2 gnolls.

Vanquished Creatures
  An ice beast (D:3)
  A phantom (D:4)
  A hound (D:3)
  A sleepcap (D:4)
  8 gnolls (D:4)
  3 adders
  A shadow imp (D:4)
  3 dart slugs
  3 orcs
  3 ball pythons
  8 bats
  6 endoplasms
  7 giant cockroaches
  5 hobgoblins
  7 jackals (D:1)
  3 kobolds
  5 quokkas
  A frilled lizard (D:1)
  3 goblins
  9 rats
79 creatures vanquished.

Notes
Turn   | Place    | Note
-------+----------+-------------------------------------------
     0 | D:1      | NinjaNoafa the Spriggan Hunter began the quest for the Orb.
     0 | D:1      | Reached XP level 1. HP: 10/10 MP: 2/2
   173 | D:1      | Reached skill level 2 in Stealth
   311 | D:1      | Reached XP level 2. HP: 9/14 MP: 3/3
   345 | D:1      | Reached skill level 3 in Stealth
   699 | D:1      | Reached XP level 3. HP: 18/18 MP: 4/4
  1017 | D:2      | Reached skill level 4 in Stealth
  1029 | D:2      | Found an opulent altar of Gozag.
  1143 | D:2      | You fall into a shaft and drop 1 floor!
  1158 | D:3      | Reached XP level 4. HP: 22/22 MP: 5/5
  1403 | D:2      | Identified the +6 hand axe of Quantum Leap {venom, Fly}
  1842 | D:3      | Found a large runed translucent door.
  1842 | D:3      | Found a large runed translucent door.
  1908 | D:3      | Noticed mandoloar's ghost (amateur OpTm)
  2087 | D:3      | Reached skill level 5 in Ranged Weapons
  2102 | D:3      | Found a snail-covered altar of Cheibriados.
  2398 | D:4      | Noticed a phantom
  2411 | D:4      | Killed a phantom
  2412 | D:4      | Reached skill level 5 in Stealth
  2412 | D:4      | Reached XP level 5. HP: 13/25 MP: 6/6
  2434 | D:4      | Noticed an ice beast
  2476 | D:3      | Reached skill level 6 in Stealth
  2598 | D:3      | Killed an ice beast
  2599 | D:3      | Reached skill level 7 in Stealth
  2599 | D:3      | Reached XP level 6. HP: 16/30 MP: 7/7
  2661 | D:4      | Found a shimmering altar of Xom.
  2912 | D:4      | Found a white marble altar of Elyvilon.
  2957 | D:4      | Found a hazy altar of Hepliaklqana.
  3121 | D:4      | Slain by a gnoll

Illustrated notes

Levels and vault maps discovered:
D:1:      wheals_arrival_linesprint, layout_loops_ring
D:2:      layout_basic, basic_altar, minmay_pentomino_v2
D:3:      wander_river, layout_loops_cross, mainiacjoe_overflow_surrounded_room,
          ebering_ghost_disaster_area
D:4:      layout_basic, lemuel_doored_altar, jmf_multi_god_temple

Skill      XL: |  1  2  3  4  5 |
---------------+----------------+-----
Stealth        | 2 3 4 5 7 |  7.7
Ranged Weapons | 5 6 |  6.3
Fighting       | |  1.5
Dodging        | |  2.6

Action                     |  1- 3 |  4- 6 || total
---------------------------+-------+-------++-------
   Fire: Shortbow          |   102 |   135 ||   237
    Use: Potion            |       |     3 ||     3
 Armour: Robe              |     3 |     6 ||     9
  Dodge: Dodged            |    36 |    56 ||    92

Table legend: (Time is in decaauts)
 A = Elapsed time spent in this place.
 B = Non-inter-level travel time spent in this place.
 C = Inter-level travel time spent in this place.
 D = Time resting spent in this place.
 E = Time spent auto-exploring this place.
 F = Levels seen in this place.
 G = Mean time per level.
                   A        B        C        D        E       F      G
               +--------+--------+--------+--------+--------+-----+--------+
         Total |   2133 |   1973 |    160 |     88 |   1380 |   4 |  533.2 |
       Dungeon |   2133 |   1973 |    160 |     88 |   1380 |   4 |  533.2 |
               +--------+--------+--------+--------+--------+-----+--------+

Top non-repeatable levels by time:
     D:3: 675 daAuts
     D:1: 595 daAuts
     D:2: 434 daAuts
     D:4: 427 daAuts
